 Dungeon Crawl Stone Soup version 0.31-a0-675-g238779eb0a (webtiles) character file.

Game seed: 16757169785583623063

82 qw the Shooter (level 4, -4/27 HPs)
             Began as a Gargoyle Hunter on Sept 5, 2023.
             Slain by Sigmund
             ... wielding a +0 scythe
              (6 damage)
             ... on level 2 of the Dungeon.
             The game lasted 00:00:26 (1131 turns).

qw the Shooter (Gargoyle Hunter)                    Turns: 1131, Time: 00:00:27

Health: -4/27      AC:  8    Str: 15    XL:     4   Next: 43%
Magic:  4/4        EV: 11    Int:  9    God:
Gold:   91         SH:  0    Dex: 15    Spells: 3/3 levels left

rFire   . . .        Y - +0 shortbow
rCold   . . .        (shield currently unavailable)
rNeg    + . .        d - +0 ring mail
rPois   inf          (no helmet)
rElec   +            (no cloak)
rCorr   .            (no gloves)
SInv    .            (no boots)
Will    .....        (no amulet)
Stlth   +            (no ring)
HPRegen 0.24/turn    (no ring)
MPRegen 0.09/turn

%: no passive effects
@: no status effects
A: sickness immunity, AC +3, negative energy resistance 1, electricity
resistance, torment resistance 1, petrification resistance
a: no special abilities


You were on level 2 of the Dungeon.
You visited 1 branch of the dungeon, and saw 2 of its levels.

You collected 91 gold pieces.


Innate Abilities, Weirdness & Mutations

You are immune to sickness and miasma.
Your stone body is resilient. (AC +3)
You are immune to poison.
You resist negative energy. (rN+)
You are resistant to electric shocks. (rElec)
You are resistant to unholy torment.
You are immune to petrification.


   Skills:
 + Level 2.8 Fighting
 - Level 5.3 Ranged Weapons
 - Level 1.0 Armour
 - Level 1.5 Dodging
 - Level 1.1 Stealth


You had 3 spell levels left.
You didn't know any spells.
Your spell library was empty.

Inventory:

Hand Weapons
 Y - a +0 shortbow (weapon)
Armour
 d - a +0 ring mail (worn)
 f - a +0 pair of boots
 j - a +0 helmet
Scrolls
 a - a scroll of torment {unknown}
 h - a scroll of identify
Potions
 b - a potion of lignification {unknown}
 c - a potion of degeneration {unknown}
 e - 2 potions of heal wounds {unknown}
 g - 2 potions of mutation {unknown}
 i - a potion of might {unknown}

Dungeon Overview and Level Annotations

Branches:
Dungeon (2/15)

Altars:

Annotations:
D:2 Sigmund


Message History

A hobgoblin comes into view.
Sigmund casts a spell at you. The puff of flame hits you.
You shoot an arrow. The arrow barely misses the hobgoblin.
The hobgoblin shouts!
You hear a shout!
Sigmund casts a spell.
Sigmund flickers and vanishes!
Deactivating autopickup; reactivate with Ctrl-A.
1117 ||| FLEEEEING.
A goblin comes into view. It is wielding a +0 dagger.
You shoot an arrow. The arrow hits the hobgoblin.
You kill the hobgoblin!
You shoot an arrow. The arrow misses the goblin.
You shoot an arrow. The arrow hits the goblin.
You kill the goblin!
Something hits you!
1121 ||| STILL FLEEEEING.
You see here a +0 dagger.
1122 ||| STILL FLEEEEING.
1123 ||| STILL FLEEEEING.
1124 ||| STILL FLEEEEING.
1125 ||| STILL FLEEEEING.
A frilled lizard comes into view.
The frilled lizard hisses angrily.
You shoot an arrow.
The arrow closely misses the frilled lizard.
Something hits you!
The frilled lizard unfolds its giant frill.
You shoot an arrow. The arrow misses the frilled lizard.
Something hits you but does no damage.
You shoot an arrow. The arrow hits the frilled lizard.
You kill the frilled lizard!
Something hits you!
You shoot an arrow. You shoot an arrow. Something hits you but does no damage.
You shoot an arrow. Something hits you.
You die...

#.##.... #.# #..#
###.#..# #.# #.#.
#....)## #.# #.#.
#..#.#..## #.# #... #>.
#.##).# #.# ##.. #
###..### # #.. #..##.#
.#.# #). # ###..#.#..#.#
#.. #. #.##@....##.# #..
#..#.#.%.#####.# #..
#.......# #.# #..
###....## #.# #.. ###.##
#.# #). .#### #)#
####.#######..
......#%####.............
...).....................
.............############


There were no monsters in sight!

Vanquished Creatures
  Jessica (D:2)
  2 adders (D:2)
  A worm (D:2)
  3 bats
  4 endoplasms
  A giant cockroach (D:1)
  3 goblins
  3 hobgoblins
  2 quokkas (D:2)
  2 ball pythons (D:2)
  3 frilled lizards
  9 kobolds
  2 rats
36 creatures vanquished.

Notes
Turn   | Place    | Note
-------+----------+-------------------------------------------
     0 | D:1      | qw the Gargoyle Hunter began the quest for the Orb.
     0 | D:1      | Reached XP level 1. HP: 12/12 MP: 1/1
     0 | D:1      | 0 ||| qw: Version: 0.3-a-75-g829b12e
     0 | D:1      | 0 ||| qw: Game counter: 107
     0 | D:1      | 0 ||| qw: Melee chars always use a shield: true
     0 | D:1      | 0 ||| qw: God list: Okawaru
     0 | D:1      | 0 ||| qw: Allow faded altars: false
     0 | D:1      | 0 ||| qw: Do Orc after clearing Dungeon:15 true
     0 | D:1      | 0 ||| qw: Do second Lair branch before Depths: true
     0 | D:1      | 0 ||| qw: Lair rune preference: random
     0 | D:1      | 0 ||| qw: Goals: Normal
     0 | D:1      | 0 ||| PLANNING D:1-11
   149 | D:1      | Reached XP level 2. HP: 17/17 MP: 2/2
   698 | D:1      | 698 ||| UPGRADING to +0 ring mail.
   708 | D:1      | 708 ||| DROPPING +0 leather armour.
   709 | D:1      | 709 ||| READING scroll labelled WYKLUY EREM.
   710 | D:1      | 710 ||| DROPPING scroll of butterflies.
   899 | D:2      | Noticed Jessica
   900 | D:2      | 900 ||| RETREATING.
   907 | D:2      | Reached skill level 1 in Armour
   908 | D:2      | Reached XP level 3. HP: 17/21 MP: 3/3
   914 | D:2      | HP: 2/21 [Jessica/nerve-wracking pain (4)]
   916 | D:2      | Killed Jessica
   917 | D:2      | Reached skill level 5 in Ranged Weapons
   917 | D:2      | Reached XP level 4. HP: 4/26 MP: 4/4
   989 | D:2      | 989 ||| FLEEEEING.
  1115 | D:2      | Noticed Sigmund
  1117 | D:2      | 1117 ||| FLEEEEING.
  1128 | D:2      | HP: 2/27 [something (9)]
  1131 | D:2      | Slain by Sigmund

Levels and vault maps discovered:
D:1:      sevenhm_arrival_forest_fort_large_4, layout_loops_ring
D:2:      layout_loops_ring, minmay_between, uniq_sigmund, uniq_jessica,
          uniq_terence

Skill      XL: |  1  2  3 |
---------------+----------+-----
Armour         | 1 |  1.0
Ranged Weapons | 5 |  5.3
Fighting       | |  2.8
Dodging        | |  1.5
Stealth        | |  1.1

Action                     |  1- 3 |  4- 6 || total
---------------------------+-------+-------++-------
   Fire: Shortbow          |    71 |    31 ||   102
    Use: Scroll            |     1 |       ||     1
 Armour: Ring mail         |    16 |     9 ||    25
         Leather armour    |     2 |       ||     2
  Dodge: Dodged            |    13 |     9 ||    22

Table legend:
 A = Non-vault XP
 B = Vault XP
 C = Vault XP percentage of total XP
 D = Non-vault monster count
 E = Vault monster count
 F = Vault count percentage of total count
                 A         B        C        D         E       F
            +---------+---------+-------+---------+---------+-------
      Total |      69 |      49 |  41.5 |      30 |       6 |  16.7
            +---------+---------+-------+---------+---------+-------
        D:1 |      23 |       0 |   0.0 |      15 |       0 |   0.0
        D:2 |      46 |      49 |  51.6 |      15 |       6 |  28.6
            +---------+---------+-------+---------+---------+-------
